 Dungeon Crawl Stone Soup version 0.30-b1-2-g02819fbbbe (webtiles) character file.

Game seed: 14403147109333456201

25267 Flugkiller the Protected (level 12, -5/115 HPs)
             Began as a Minotaur Fighter on May 9, 2023.
             Was a Priest of Cheibriados.
             Killed from afar by a hell hound (20 damage)
             ... with a blast of flame
             ... led by Azrael
             ... on level 14 of the Dungeon.
             The game lasted 00:08:43 (14964 turns).

Flugkiller the Protected (Minotaur Fighter)        Turns: 14964, Time: 00:08:44

Health: -5/115     AC: 27    Str: 32    XL:     12   Next: 88%
Magic:  0/13       EV:  8    Int: 13    God:    Cheibriados [***...]
Gold:   429        SH: 14    Dex: 20    Spells: 11/11 levels left

rFire   . . .        I - +0 broad axe
rCold   . . .        u - +0 kite shield {AC+3}
rNeg    . . .        h - +0 plate armour
rPois   +            D - +2 hat {SInv}
rElec   .            y - +0 cloak
rCorr   .            j - +2 pair of gloves
SInv    +            k - +0 pair of boots
Will    +....        i - amulet of guardian spirit Stlth
                     o - ring of poison resistance
HPRegen 0.39/turn    m - ring of willpower
MPRegen 0.13/turn

%: guardian spirit
@: very slow
A: horns 2, retaliatory headbutt
a: Renounce Religion, Bend Time, Temporal Distortion


You were on level 14 of the Dungeon.
You worshipped Cheibriados.
Cheibriados was most pleased with you.
You visited 2 branches of the dungeon, and saw 15 of its levels.
You visited 1 bazaar.

You collected 903 gold pieces.
You spent 474 gold pieces at shops.

Inventory:

Hand Weapons
 a - a +0 war axe
 I - a +0 broad axe (weapon)
   (You took it off a meliai on level 11 of the Dungeon)
Missiles
 c - 7 throwing nets (quivered)
Armour
 h - a +0 plate armour (worn)
   (You found it on level 5 of the Dungeon)
 j - a +2 pair of gloves (worn)
   (You found it on level 1 of the Dungeon)
 k - a +0 pair of boots (worn)
   (You found it on level 1 of the Dungeon)
 u - a +0 kite shield of protection (worn)
   (You took it off a gnoll sergeant on level 5 of the Dungeon)
 y - a +0 cloak (worn)
   (You bought it in a shop on level 6 of the Dungeon)
 D - a +2 hat of see invisible (worn)
   (You took it off Gastronok on level 9 of the Dungeon)
Jewellery
 i - an amulet of guardian spirit (around neck)
   (You found it on level 6 of the Dungeon)
 m - a ring of willpower (right hand)
   (You found it on level 11 of the Dungeon)
 o - a ring of poison resistance (left hand)
   (You found it on level 2 of the Dungeon)
 x - a ring of wizardry
   (You found it on level 6 of the Dungeon)
 B - the ring "Yzatiara" {Wiz +Blink rF- rC+}
   (You found it on level 6 of the Dungeon)

   [ring of wizardry]

   It improves your spell success rate.
   rF:        It makes you vulnerable to fire.
   rC:        It protects you from cold.
   +Blink:    It lets you blink.
Wands
 g - a wand of digging (6)
   (You took it off Ijyb on level 4 of the Dungeon)
 v - a wand of charming (6)
   (You found it on level 6 of the Dungeon)
 C - a wand of mindburst (15)
   (You found it on level 7 of the Dungeon)
 J - a wand of iceblast (3)
   (You found it on level 12 of the Dungeon)
Scrolls
 e - 2 scrolls of fear
 f - 2 scrolls of enchant weapon
 l - 2 scrolls of magic mapping
 r - 5 scrolls of identify
 s - 6 scrolls of fog
 t - 4 scrolls of teleportation
 z - 3 scrolls of blinking
 K - a scroll of silence {unknown}
Potions
 b - 2 potions of flight
 d - a potion of might
 n - 4 potions of resistance
 p - 4 potions of lignification
 q - 11 potions of curing
 w - a potion of heal wounds
 A - 3 potions of cancellation
 E - 3 potions of attraction
 H - 8 potions of mutation
Miscellaneous
 F - a condenser vane (inert)
   (You found it on level 10 of the Dungeon)


   Skills:
 * Level 13.5 Fighting
 * Level 13.3 Axes
 * Level 13.5 Armour
 * Level 13.0 Shields
 + Level 3.5 Invocations


You had 11 spell levels left.
You didn't know any spells.
Your spell library was empty.

Dungeon Overview and Level Annotations

Branches:
Dungeon (14/15)            Temple (1/1) D:7            Lair (0/5) D:9
    Orc (0/2) D:10
 Vaults: D:13-14

Altars:
Ashenzari
Cheibriados
Dithmenos
Elyvilon
Fedhas
Gozag
Hepliaklqana
Kikubaaqudgha
Makhleb
Nemelex Xobeh
Okawaru
Qazlal
Ru
Sif Muna
Trog
Uskayaw
Vehumet
Wu Jian
Xom
Yredelemnul
Zin
The Shining One

Shops:
D:6 [*   D:8 (   D:12 [*

Annotations:
D:12 3 runed translucent doors, exclusion: obsidian statue, Yklotitu's ghost, journeyman CeHu


Innate Abilities, Weirdness & Mutations

You have a pair of horns on your head.
You reflexively headbutt those who attack you in melee.


Message History

The sphere of damnation explodes!
The damnation engulfs you!!
You hear a bark! x2
A fire elemental comes into view.
A hell hound comes into view.
You block the fire elemental's attack.
The hell hound barks!
You hit the fire elemental. You headbutt the fire elemental!
The fire elemental is moderately damaged.
A fire elemental comes into view. x2
The fire elemental hits you. The fire elemental burns you!
You closely miss the fire elemental. You headbutt the fire elemental!
The fire elemental is severely damaged.
The fire elemental hits you. The fire elemental burns you!
You hit the fire elemental but do no damage.
You headbutt the fire elemental.
The fire elemental is severely damaged.
A hell hound comes into view.
The fire elemental barely misses you. The hell hound breathes flames at you.
The blast of flame hits the fire elemental.
The fire elemental completely resists.
The blast of flame hits Azrael.
Azrael completely resists.
The blast of flame hits the fire elemental.
The fire elemental completely resists.
The blast of flame misses you. Azrael gestures at you.
The bolt of fire hits the fire elemental.
The fire elemental completely resists.
The bolt of fire hits you. You block the fire elemental's attack.
The hell hound barks!
You slice the fire elemental!!
You destroy the fire elemental!
Cheibriados appreciates the change of pace.
Azrael gestures at you.
The fireball explodes!
The fireball engulfs you!
Found a runed halberd.
Azrael drinks a potion.
Azrael seems to grow stronger.
You hit Azrael.
Azrael is lightly wounded.
Azrael's eyes look fiery.
Azrael gestures at you.
The sphere of damnation explodes!
The damnation engulfs you!!
The damnation engulfs Azrael.
Azrael completely resists.
You are too injured to fight recklessly!
You are too injured to fight recklessly!
You slash Azrael! You headbutt Azrael!
Azrael is moderately wounded.
You block Azrael's attack.
You hit Azrael. Your headbutt misses Azrael.
Azrael is moderately wounded.
Azrael gestures at you. The bolt of fire misses you.
You slice Azrael!! Your headbutt misses Azrael.
Azrael is heavily wounded.
You block Azrael's attack.
You slash Azrael! You headbutt Azrael!
Azrael is severely wounded.
Azrael gestures at you. You block the sticky flame.
The hell hound breathes flames at you.
The blast of flame hits Azrael.
Azrael completely resists.
The blast of flame hits you but does no damage.
You slash Azrael!
Azrael is almost dead.
You block Azrael's attack.
You barely miss Azrael. You headbutt Azrael!
Azrael is almost dead.
Azrael hits you with a +2 scimitar of flaming!
Azrael burns you.
* * * LOW HITPOINT WARNING * * *
The hell hound breathes flames at you.
The blast of flame hits the fire elemental.
The fire elemental completely resists.
The blast of flame hits Azrael.
Azrael completely resists.
The blast of flame hits you!
* * * LOW HITPOINT WARNING * * *
You completely miss Azrael.
Azrael is almost dead.
You block Azrael's attack.
You slice Azrael!!
You kill Azrael!
Cheibriados thoroughly appreciates the change of pace.
The hell hound bites you.
* * * LOW HITPOINT WARNING * * *
Your Shields skill increases to level 13!
The hell hound breathes flames at you. The blast of flame hits you!
* * * LOW HITPOINT WARNING * * *
You block the hell hound's attack. You block the hell hound's attack.
You feel much better. You block the hell hound's attack.
The fire elemental hits you. The fire elemental burns you!
* * * LOW HITPOINT WARNING * * *
You block the hell hound's attack. The fire elemental hits you.
The fire elemental burns you!
* * * LOW HITPOINT WARNING * * *
The fire elemental closely misses you. You furiously retaliate!
You headbutt the fire elemental! You block the hell hound's attack.
There is a stone staircase leading up here.
The fire elemental closely misses you. The hell hound breathes flames at you.
The blast of flame hits the fire elemental.
The fire elemental completely resists.
The blast of flame hits you!!
You die...

#########
#.......#
#.......#
#.......#
#.....@.#
#....EEh#
#....hE○+
#.....°.#
#####)###
○.. )....
.......
.......


You could see 3 fire elementals and 2 hell hounds.

Vanquished Creatures
  Frances (D:13)
  Gastronok (D:9)
  Azrael (D:14)
  2 hydras (D:13)
  A boulder beetle (D:12)
  3 two-headed ogres
  3 cyclopes
  An ugly thing (D:11)
  Maurice (D:9)
  2 manticores
  Joseph (D:8)
  A gargoyle (D:13)
  Maggie (D:7)
  2 kobold demonologists (D:9)
  3 meliai (D:11)
  3 trolls
  2 wraiths
  4 wyverns
  A basilisk (D:13)
  25 yaks
  A shadow (D:11)
  A fire elemental (D:14)
  Grum (D:5)
  5 steam dragons
  6 vampire mosquitoes
  Menkaure (D:4)
  3 acid dragons
  Duvessa (D:4)
  4 water moccasins
  7 orc warriors
  An ice beast (D:7)
  2 black bears
  6 ogres
  3 wolves (D:5)
  2 phantoms
  2 centaurs
  8 gnoll sergeants
  9 kobold brigands
  3 scorpions
  7 wights
  Dowan (D:4)
  12 killer bees
  2 howler monkeys (D:7)
  A lava snake (D:8)
  3 jellies
  3 gnoll boudas
  4 orc priests
  19 hounds
  A sleepcap (D:6)
  Ijyb (D:4)
  4 iguanas
  10 orc wizards
  40 gnolls
  14 adders
  4 river rats (D:6)
  A shadow imp (D:4)
  2 white imps
  An ufetubus (D:7)
  A dart slug (D:1)
  38 orcs
  2 ball pythons
  9 bats
  5 endoplasms
  7 giant cockroaches
  6 goblins
  6 hobgoblins
  7 jackals (D:5)
  29 kobolds
  3 quokkas (D:2)
  4 frilled lizards
  8 rats
380 creatures vanquished.

Vanquished Creatures (others)
  A hound (D:6)
  A bush (D:9)
  14 plants
16 creatures vanquished.

Grand Total: 396 creatures vanquished

Notes
Turn   | Place    | Note
-------+----------+-------------------------------------------
     0 | D:1      | Flugkiller the Minotaur Fighter began the quest for the
                  | Orb.
     0 | D:1      | Reached XP level 1. HP: 19/19 MP: 0/0
   243 | D:1      | Reached XP level 2. HP: 27/27 MP: 1/1
   999 | D:2      | Reached XP level 3. HP: 32/33 MP: 2/2
  1368 | D:2      | Identified the +1 ring mail "Nulamnos" {Int+3}
  1657 | D:2      | Found a radiant altar of Vehumet.
  1793 | D:3      | Reached XP level 4. HP: 40/41 MP: 3/3
  2320 | D:4      | Noticed an ogre
  2324 | D:4      | Killed an ogre
  2325 | D:4      | Reached skill level 5 in Fighting
  2325 | D:4      | Reached skill level 5 in Armour
  2325 | D:4      | Reached XP level 5. HP: 48/48 MP: 4/4
  2434 | D:4      | Found a basalt altar of Yredelemnul.
  2609 | D:4      | Reached XP level 6. HP: 56/56 MP: 5/5
  2836 | D:4      | Identified the +0 shortbow "Hianoid" {freeze, +Blink rElec
                  | rPois Stlth-}
  2947 | D:4      | Noticed Menkaure
  2951 | D:4      | Killed Menkaure
  3056 | D:4      | Noticed Ijyb
  3061 | D:4      | Killed Ijyb
  3062 | D:4      | Reached skill level 5 in Axes
  3283 | D:5      | Entered Level 5 of the Dungeon
  3292 | D:5      | Reached skill level 5 in Shields
  3292 | D:5      | Reached XP level 7. HP: 63/63 MP: 6/6
  3821 | D:5      | Noticed a yak
  3822 | D:5      | Noticed Duvessa
  3823 | D:5      | Noticed a yak
  3823 | D:5      | Noticed a yak
  3823 | D:5      | Noticed Dowan
  4048 | D:5      | Reached XP level 8. HP: 31/71 MP: 7/7
  4333 | D:4      | Killed Dowan
  4342 | D:4      | Killed Duvessa
  4913 | D:5      | Reached XP level 9. HP: 81/81 MP: 8/8
  4929 | D:5      | Noticed Grum
  4947 | D:5      | Killed Grum
  6009 | D:6      | Found Heniho's Armour Boutique.
  6212 | D:6      | Found a radiant altar of Vehumet.
  6589 | D:6      | Found Zythaj's Neck Hole.
  6592 | D:6      | Bought a +0 cloak for 58 gold pieces
  6605 | D:6      | Identified the ring "Yzatiara" {Wiz +Blink rF- rC+}
  6813 | D:7      | Reached XP level 10. HP: 91/91 MP: 9/9
  7044 | D:7      | Noticed Maggie
  7054 | D:7      | Killed Maggie
  7224 | D:7      | Reached skill level 10 in Armour
  7252 | D:7      | Reached skill level 10 in Fighting
  7638 | D:7      | Found a staircase to the Ecumenical Temple.
  7701 | Temple   | Entered the Ecumenical Temple
  8033 | D:8      | Reached skill level 10 in Axes
  8154 | D:8      | Found Huloemp's Weapon Shop.
  8154 | D:8      | Noticed a two-headed ogre
  8159 | D:8      | Killed a two-headed ogre
  8324 | D:8      | Noticed Joseph
  8340 | D:8      | Killed Joseph
  8545 | D:8      | Found a snail-covered altar of Cheibriados.
  8644 | D:8      | Found an ornate altar of the Wu Jian Council.
  8701 | D:9      | Noticed a two-headed ogre
  8706 | D:9      | Noticed Gastronok
  8709 | D:9      | Reached skill level 10 in Shields
  8721 | D:9      | Killed a two-headed ogre
  8732 | D:9      | Reached XP level 11. HP: 58/102 MP: 4/10
  8871 | D:9      | Killed Gastronok
  9410 | D:9      | Found a staircase to the Lair.
  9455 | D:9      | Found a sacrificial altar of Ru.
  9455 | D:9      | Found a burning altar of Makhleb.
  9474 | D:9      | Noticed Maurice
  9489 | D:9      | Killed Maurice
  9738 | D:9      | Found a shadowy altar of Dithmenos.
  9944 | D:8      | Became a worshipper of Cheibriados the Contemplative
 10722 | D:8      | Reached * piety under Cheibriados
 10855 | D:10     | Entered Level 10 of the Dungeon
 11190 | D:10     | Found a staircase to the Orcish Mines.
 11258 | D:10     | Reached ** piety under Cheibriados
 11287 | D:10     | Reached skill level 1 in Invocations
 11517 | D:10     | Found a glowing golden altar of the Shining One.
 11637 | D:10     | Reached XP level 12. HP: 111/113 MP: 11/11
 12106 | D:11     | Found a flickering gateway to a bazaar.
 12117 | Bazaar   | Entered a bazaar
 12117 | Bazaar   | Found Suuvvowk's Antique Weapon Shop.
 12117 | Bazaar   | Found Qyashaskakk's Distillery.
 12142 | Bazaar   | Found Lime Lou's Antique Armour Shop.
 12182 | Bazaar   | Bought a potion of heal wounds for 65 gold pieces
 12182 | Bazaar   | Bought a potion of curing for 39 gold pieces
 12182 | Bazaar   | Bought a potion of mutation for 104 gold pieces
 12182 | Bazaar   | Bought a potion of mutation for 104 gold pieces
 12182 | Bazaar   | Bought a potion of mutation for 104 gold pieces
 12260 | D:11     | Reached *** piety under Cheibriados
 12894 | D:12     | Found Coumaan's Armour Emporium.
 12946 | D:12     | Noticed a boulder beetle
 12963 | D:12     | Killed a boulder beetle
 13271 | D:12     | Noticed a two-headed ogre
 13278 | D:12     | Killed a two-headed ogre
 13326 | D:12     | Found a runed translucent gate.
 13326 | D:12     | Noticed a tengu warrior
 13327 | D:12     | Found a runed translucent gate.
 13327 | D:12     | Found an opulent altar of Gozag.
 13327 | D:12     | Noticed Yklotitu's ghost (journeyman CeHu)
 13327 | D:12     | Noticed a boulder beetle
 13328 | D:12     | Found a runed translucent gate.
 13328 | D:12     | Found Gievoch's Assorted Antiques.
 14267 | D:13     | Noticed a seven-headed hydra
 14281 | D:13     | Killed a 14-headed hydra
 14514 | D:13     | Noticed Frances
 14525 | D:13     | Killed Frances
 14680 | D:13     | Noticed a six-headed hydra
 14692 | D:13     | Killed a 12-headed hydra
 14944 | D:14     | Noticed Azrael
 14959 | D:14     | Killed Azrael
 14964 | D:14     | Killed from afar by a hell hound

Illustrated notes

Levels and vault maps discovered:
D:1:      noname_arrival_rooms_in_the_neighbourhood, layout_loops_ring,
          nrook_mini_backslash, minmay_pentomino_w2
D:2:      layout_basic, basic_altar, minivault_23, minivault_5, minmay_quantized
D:3:      minmay_recursive_quarters, layout_rooms
D:4:      layout_loops_corners, mainiacjoe_overflow_boulevard, uniq_ijyb,
          uniq_menkaure
D:5:      layout_cave_pools, serial_gnoll_camp, grums_kennel,
          gnoll_camp_mini_basic, gnoll_camp_mini_doghouse, gnoll_camp_huts_moat,
          gnoll_camp_mini_doghouse, gnoll_camp_medium_02, uniq_duvessa
D:6:      wad_woods_tower, layout_basic, old_standard_altar, serial_shops, shop,
          nicolae_shop_sticking_my_neck_out
D:7:      cheibrodos_steamvent, layout_basic,
          minmay_temple_entry_enclosed_plants, kennysheep_path_1, uniq_maggie
D:8:      layout_layer_cave, nicolae_overflow_hidden_temple,
          nzn_wu_jian_contemplation, serial_shops, shop,
          kennysheep_generic_room_16, uniq_joseph
D:9:      layout_basic, nicolae_overflow_two_pavilions, amcnicky_altar_gilded,
          minmay_lair_entry_grove, uniq_maurice, uniq_gastronok
D:10:     layout_irregular_city, mainiacjoe_overflow_six_doors_small,
          kennysheep_orc_monster_closet_entryway, hex_tiny, feat_on_display
D:11:     layout_big_octagon, serial_shops, bzr_entry_water
D:12:     layout_layer_cave, ebering_ghost_gozag, serial_shops, shop
D:13:     layout_roguey, uniq_frances
D:14:     layout_roguey, david_vaults_4, small_statue_intersection,
          serial_shops, nicolae_stop_n_shop_1, uniq_rupert, uniq_azrael
Temple:   compressed_dpeg_circular_temple

Skill      XL: |  1  2  3  4  5  6  7  8  9 10 11 12 |
---------------+-------------------------------------+-----
Axes           | 3 4 5 6 7 9 10 12 13 | 13.3
Armour         | 4 5 6 8 9 11 12 13 | 13.5
Fighting       | 4 5 6 8 9 11 12 13 | 13.5
Shields        | 4 5 7 8 10 11 13 | 13.0
Invocations    | 1 3 |  3.5

Action                     |  1- 3 |  4- 6 |  7- 9 | 10-12 || total
---------------------------+-------+-------+-------+-------++-------
  Melee: War axe           |    88 |    89 |   313 |   531 ||  1021
         Headbutt          |    10 |    15 |    54 |   153 ||   232
         Unarmed           |       |       |       |     1 ||     1
         Broad axe         |       |       |       |   104 ||   104
 Invoke: Bend Time         |       |       |       |     1 ||     1
  Evoke: Wand              |       |       |       |     2 ||     2
         Condenser vane    |       |       |       |     1 ||     1
    Use: Scroll            |       |    12 |     7 |     5 ||    24
         Potion            |       |       |     3 |     4 ||     7
   Stab: Invisible         |       |       |       |     1 ||     1
 Armour: Scale mail        |    43 |    50 |   137 |       ||   230
         Plate armour      |       |       |   133 |   488 ||   621
  Dodge: Dodged            |    39 |    33 |   162 |   213 ||   447
  Block: Buckler           |    24 |    20 |    12 |       ||    56
         Kite shield       |       |       |   241 |   501 ||   742
